 Dungeon Crawl Stone Soup version 0.29.0-4-gdea44cf6ec (webtiles) character file.

Game seed: 9360992389732206479

38 qw the Sneak (level 3, -1/23 HPs)
             Began as a Gargoyle Delver on Sept 10, 2022.
             Slain by a phantom (4 damage)
             ... on level 5 of the Dungeon.
             The game lasted 00:00:09 (484 turns).

qw the Sneak (Gargoyle Delver)                       Turns: 484, Time: 00:00:10

Health: -1/23      AC:  6    Str: 17    XL:     3   Next: 43%
Magic:  3/3        EV: 11    Int: 10    God:
Gold:   42         SH:  0    Dex: 11    Spells: 2/2 levels left

rFire   . . .      SeeInvis .   Y - +0 hand axe
rCold   . . .      Faith    .   (no shield)
rNeg    + . .      Spirit   .   b - +0 leather armour
rPois   inf        Reflect  .   (no helmet)
rElec   +          Harm     .   (no cloak)
rCorr   .          Rampage  .   (no gloves)
Will    .....                   (no boots)
Stlth   +++.......              (no amulet)
HPRegen 0.07/turn               (no ring)
MPRegen 0.08/turn               (no ring)

@: no status effects
A: sickness immunity, AC +3, negative energy resistance 1, electricity
resistance, torment resistance 1, petrification resistance
a: no special abilities


You were on level 5 of the Dungeon.
You visited 1 branch of the dungeon, and saw 1 of its levels.

You collected 42 gold pieces.


Innate Abilities, Weirdness & Mutations

You are immune to sickness and miasma.
Your stone body is resilient. (AC +3)
You are immune to poison.
You resist negative energy. (rN+)
You are resistant to electric shocks. (rElec)
You are resistant to unholy torment.
You are immune to petrification.


   Skills:
 - Level 3.2 Fighting
 + Level 3.4 Axes
 - Level 1.5 Dodging
 - Level 5.4 Stealth


You had 2 spell levels left.
You didn't know any spells.
Your spell library was empty.

Inventory:

Hand Weapons
 Y - a +0 hand axe (weapon)
Armour
 b - a +0 leather armour (worn)
 c - a +0 ring mail
Wands
 g - a wand of digging (3)
Scrolls
 a - a scroll of poison {unknown}
Potions
 f - a potion of haste
 j - a potion of heal wounds {unknown}

Dungeon Overview and Level Annotations

Branches:
Dungeon (5/15)
 Temple: D:4-7

Altars:
Dithmenos
Elyvilon
Gozag
Hepliaklqana
Makhleb
Okawaru
Ru
Trog
Uskayaw
Wu Jian
Yredelemnul

Shops:
D:5 !


Message History

The phantom is severely damaged.
The phantom hits you.
The phantom blinks!
You blink.
You hit the phantom but do no damage.
The phantom is severely damaged.
The phantom misses you. The phantom barely misses you.
You closely miss the phantom.
The phantom is severely damaged.
The phantom closely misses you.
You hit the phantom but do no damage.
The phantom is severely damaged.
The phantom misses you.
You closely miss the phantom.
The phantom is severely damaged.
The phantom misses you.
You closely miss the phantom.
The phantom is severely damaged.
The phantom hits you.
You barely miss the phantom.
The phantom is severely damaged.
The phantom barely misses you.
You closely miss the phantom.
The phantom is severely damaged.
The phantom hits you.
You barely miss the phantom.
The phantom is heavily damaged.
The phantom hits you.
The phantom blinks!
You blink.
The phantom hits you but does no damage.
You hit the phantom but do no damage.
The phantom is heavily damaged.
The phantom barely misses you.
You miss the phantom.
The phantom is heavily damaged.
The phantom misses you.
You slash the phantom!
The phantom is almost destroyed.
The phantom closely misses you.
You miss the phantom.
The phantom is almost destroyed.
The phantom hits you.
You die...

#.....:....####.#
###.......#
########.......#
#..............#
#.........#......#
#.........#......#
#######.........#......#
.............%..#......#
............@...#.....[#
.............W..#!.....#
................# .
...<............#.$.
....................
....)...?............
##############.......
....... .......


You could see a phantom.

Vanquished Creatures
  A hound (D:5)
  An adder (D:5)
2 creatures vanquished.

Notes
Turn   | Place    | Note
-------+----------+-------------------------------------------
     0 | D:5      | qw the Gargoyle Delver began the quest for the Orb.
     0 | D:5      | Reached XP level 1. HP: 14/14 MP: 1/1
     0 | D:5      | 0 ||| qw: Version: 0.1-a-116-g5d60599
     0 | D:5      | 0 ||| qw: Game counter: 8390
     0 | D:5      | 0 ||| qw: Always use a shield: true
     0 | D:5      | 0 ||| qw: God list: Okawaru
     0 | D:5      | 0 ||| qw: Allow faded altars: false
     0 | D:5      | 0 ||| qw: Do Orc after D:15 true
     0 | D:5      | 0 ||| qw: Do second Lair branch before Depths: true
     0 | D:5      | 0 ||| qw: Lair rune preference: random
     0 | D:5      | 0 ||| qw: Plans: Normal
     0 | D:5      | 0 ||| PLANNING D:1-11
    14 | D:5      | Found a shadowy altar of Dithmenos.
    15 | D:5      | Found a sacrificial altar of Ru.
    16 | D:5      | Found an ornate altar of the Wu Jian Council.
    22 | D:5      | Found a basalt altar of Yredelemnul.
    23 | D:5      | Found a hazy altar of Hepliaklqana.
    24 | D:5      | Found a bloodstained altar of Trog.
    27 | D:5      | Found an iron altar of Okawaru.
    29 | D:5      | Found a hide-covered altar of Uskayaw.
    31 | D:5      | Found a burning altar of Makhleb.
    35 | D:5      | Found a white marble altar of Elyvilon.
    37 | D:5      | Found an opulent altar of Gozag.
    37 | D:5      | Noticed a hound
    38 | D:5      | 38 ||| Stepping ~*~*~tactically~*~*~ (stealth).
    44 | D:5      | 44 ||| Stepping ~*~*~tactically~*~*~ (stealth).
    45 | D:5      | 45 ||| Stepping ~*~*~tactically~*~*~ (stealth).
    48 | D:5      | 48 ||| Stepping ~*~*~tactically~*~*~ (stealth).
    49 | D:5      | 49 ||| Stepping ~*~*~tactically~*~*~ (stealth).
    56 | D:5      | HP: 3/14 [hound (1)]
    58 | D:5      | HP: 1/14 [hound (1)]
    59 | D:5      | Killed a hound
    60 | D:5      | Reached skill level 3 in Axes
    60 | D:5      | Reached XP level 2. HP: 1/19 MP: 2/2
    60 | D:5      | Reached XP level 3. HP: 2/23 MP: 3/3
   377 | D:5      | 377 ||| READING scroll labelled ITODEN DOESABBOM.
   382 | D:5      | 382 ||| READING scroll labelled LOUJOQ TYRGHUW.
   383 | D:5      | 383 ||| DROPPING scroll of fog.
   384 | D:5      | 384 ||| DROPPING scroll of magic mapping.
   385 | D:5      | 385 ||| DROPPING scroll of fear.
   386 | D:5      | Found Keugru Zoest's Distillery.
   393 | D:5      | 393 ||| SHOPLISTING potion of curing (39 gold, have 18).
   393 | D:5      | 393 ||| SHOPLISTING potion of haste (130 gold, have 18).
   393 | D:5      | 393 ||| SHOPLISTING potion of might (52 gold, have 18).
   448 | D:5      | Noticed a phantom
   472 | D:5      | HP: 5/23 [phantom (2)]
   477 | D:5      | HP: 4/23 [phantom (1)]
   484 | D:5      | Slain by a phantom

Levels and vault maps discovered:
D:5:      layout_basic, nicolae_overflow_hallway_of_the_gods, serial_shops,
          nicolae_stop_n_shop_1, shop, nicolae_stop_n_shop_2,
          nicolae_shop_stone, shop_fountains, uniq_prince_ribbit1

Skill      XL: |  1 |
---------------+----+-----
Axes           | 3 |  3.4
Fighting       | |  3.2
Dodging        | |  1.5
Stealth        | |  5.4

Action                   || total
-------------------------++-------
Melee: Hand axe          ||    40
  Use: Scroll            ||     2
Armor: Leather armour    ||    10
Dodge: Dodged            ||    20

Table legend:
 A = Non-vault XP
 B = Vault XP
 C = Vault XP percentage of total XP
 D = Non-vault monster count
 E = Vault monster count
 F = Vault count percentage of total count
                 A         B        C        D         E       F
            +---------+---------+-------+---------+---------+-------
      Total |      55 |       0 |   0.0 |       2 |       0 |   0.0
            +---------+---------+-------+---------+---------+-------
        D:5 |      55 |       0 |   0.0 |       2 |       0 |   0.0
            +---------+---------+-------+---------+---------+-------
